 Dungeon Crawl Stone Soup version 0.29.1 (webtiles) character file.

Game seed: 13220534545269954874

726 SensoryNuts the Covert (level 7, -1/45 HPs)
             Began as an Octopode Brigand on Sept 14, 2022.
             Succumbed to a kobold brigand's poison
             ... in a sewer.
             The game lasted 00:04:06 (2698 turns).

SensoryNuts the Covert (Octopode Brigand)           Turns: 2698, Time: 00:04:07

Health: -1/45      AC:  1    Str: 10    XL:     7   Next: 72%
Magic:  7/7        EV: 12    Int: 14    God:
Gold:   222        SH:  3    Dex: 15    Spells: 6/6 levels left

rFire   . . .      SeeInvis +   j - +0 dagger (venom)
rCold   . . .      Faith    .   i - +0 buckler
rNeg    . . .      Spirit   .   (helmet restricted)
rPois   .          Reflect  .   (no amulet)
rElec   .          Harm     .   g - ring of see invisible
rCorr   .          Rampage  .   (no ring)
Will    .....                   (no ring)
Stlth   ++++++....              (no ring)
HPRegen 0.15/turn               (no ring)
MPRegen 0.10/turn               (no ring)
                                (no ring)
                                (no ring)

@: lethally poisoned (-1 -> -15), silenced
A: almost no armour, amphibious, 8 rings, camouflage 1, gelatinous body 1,
nimble swimmer 1, tentacles
a: no special abilities


You were in a sewer.
You visited 1 branch of the dungeon, and saw 6 of its levels.
You also visited: Sewer.

You collected 222 gold pieces.

Inventory:

Hand Weapons
 a - a +2 dagger
 j - a +0 dagger of venom (weapon)
Missiles
 b - 4 poisoned darts (quivered)
 c - 3 curare-tipped darts
Armour
 i - a +0 buckler (worn)
Jewellery
 g - a ring of see invisible (left tentacle)
Scrolls
 e - 2 scrolls of identify
 l - a scroll of noise {unknown}
Potions
 d - a potion of flight
 h - a potion of attraction


   Skills:
 + Level 2.9 Fighting
 + Level 3.4 Short Blades
 + Level 2.2 Throwing
 + Level 1.2 Dodging
 * Level 11.5 Stealth


You had 6 spell levels left.
You didn't know any spells.
Your spell library contained the following spells:

 Spells                   Type           Power      Damage    Failure   Level
 Apportation              Tloc           0%         N/A       36%         1
 Necrotise                Necr           0%         1d4       36%         1
 Summon Small Mammal      Summ           0%         N/A       36%         1
 Summon Ice Beast         Ice/Summ       0%         N/A       98%         4
 Summon Mana Viper        Hex/Summ       0%         N/A       100%        5
 Monstrous Menagerie      Summ           0%         N/A       100%        7


Dungeon Overview and Level Annotations

Branches:
Dungeon (6/15)              Sewer (1/1)
 Temple: D:4-7

Altars:
Elyvilon
Qazlal


Innate Abilities, Weirdness & Mutations

You cannot wear most types of armour.
You are amphibious.
You can wear up to eight rings at the same time.
Your skin changes colour to match your surroundings (Stealth+).
Your rubbery body absorbs attacks. (AC +1, EV +1)
You are camouflaged when in or above water. (Stealth+)
You have tentacles for arms and can constrict up to eight enemies at once.


Message History

* * * LOW HITPOINT WARNING * * *
You feel very sick.
Unknown command.
You feel better. You block the jackal's attack.
The kobold brigand hits you with a +0 club.
* * * LOW HITPOINT WARNING * * *
You block the jackal's attack.
The kobold brigand splashes around in the water.
You hit the kobold brigand but do no damage.
The kobold brigand looks even sicker.
You grab the kobold brigand. You squeeze the kobold brigand.
You kill the kobold brigand!
You hear a splash. x2
The kobold brigand splashes around in the water.
The jackal misses you.
The kobold brigand throws a poisoned dart.
The poisoned dart hits you!
You are poisoned.
You feel very sick.
The kobold brigand throws a poisoned dart.
The poisoned dart hits you!
You are lethally poisoned!
As you read the scroll labelled SETTIE TOSMYI, it crumbles to dust.
A profound silence engulfs you.
It was a scroll of silence.
* * * LOW HITPOINT WARNING * * *
You feel very sick.
Okay, then.
* * * LOW HITPOINT WARNING * * *
You feel very sick.
* * * LOW HITPOINT WARNING * * *
You feel sick.
The kobold brigand throws a poisoned dart.
The poisoned dart misses you.
* * * LOW HITPOINT WARNING * * *
You feel sick.
The kobold brigand throws a poisoned dart.
The poisoned dart hits you!
You are more poisoned.
You die...

#~# #~# #~# ######~##
~.~.~.~.#######
~~~~~~~~~.~...#######
≈≈≈~~~~~~~≈~~~K≈≈≈≈≈##
≈≈≈≈≈≈≈≈≈≈≈≈≈≈≈≈≈≈≈≈≈#
≈≈≈~~~~~~~~~~~~K@≈≈###
)(~~..~~~.....######
~(....~.###.###
######### #∩# ###


You could see a kobold brigand and a kobold.

Vanquished Creatures
  Sigmund (D:6)
  Eustachio (D:5)
  A water moccasin (D:5)
  A kobold brigand (Sewer)
  2 scorpions (D:5)
  A scorpion zombie (D:2)
  2 adders
  A river rat (Sewer)
  An adder skeleton (D:2)
  A worm (D:2)
  3 dart slugs
  An orc (D:4)
  5 endoplasms
  4 giant cockroaches
  8 goblins
  A hobgoblin (D:1)
  6 kobolds
  6 quokkas
  7 ball pythons
  A ball python skeleton (D:2)
  2 ball python zombies (D:2)
  8 bats
  3 frilled lizards
  A giant cockroach zombie (D:2)
  A jackal skeleton (D:2)
  11 rats
80 creatures vanquished.

Vanquished Creatures (others)
  A fungus (D:1)
1 creature vanquished.

Grand Total: 81 creatures vanquished

Notes
Turn   | Place    | Note
-------+----------+-------------------------------------------
     0 | D:1      | SensoryNuts the Octopode Brigand began the quest for the
                  | Orb.
     0 | D:1      | Reached XP level 1. HP: 14/14 MP: 1/1
   416 | D:1      | Reached XP level 2. HP: 19/19 MP: 2/2
   573 | D:1      | Reached skill level 6 in Stealth
   879 | D:1      | Reached XP level 3. HP: 24/24 MP: 3/3
  1215 | D:1      | Found a faded altar of an unknown god.
  1528 | D:2      | Reached skill level 7 in Stealth
  1574 | D:2      | Reached XP level 4. HP: 30/30 MP: 4/4
  1997 | D:3      | Found a white marble altar of Elyvilon.
  2085 | D:3      | You fall into a shaft and drop 3 floors!
  2099 | D:6      | Noticed Sigmund
  2104 | D:6      | Killed Sigmund
  2105 | D:6      | Reached skill level 9 in Stealth
  2105 | D:6      | Reached XP level 5. HP: 35/35 MP: 5/5
  2105 | D:6      | Reached XP level 6. HP: 41/41 MP: 6/6
  2126 | D:5      | Entered Level 5 of the Dungeon
  2143 | D:5      | Noticed a water moccasin
  2147 | D:5      | Killed a water moccasin
  2150 | D:5      | Noticed Eustachio
  2152 | D:5      | Reached skill level 10 in Stealth
  2158 | D:5      | Killed Eustachio
  2159 | D:5      | Reached XP level 7. HP: 45/45 MP: 7/7
  2181 | D:5      | Reached skill level 11 in Stealth
  2371 | D:4      | Found a stormy altar of Qazlal.
  2574 | D:4      | Found a glowing drain.
  2581 | Sewer    | Entered a sewer
  2697 | Sewer    | HP: 2/45 [poisoned by a kobold brigand]
  2698 | Sewer    | Succumbed to a kobold brigand's poison

Illustrated notes

Levels and vault maps discovered:
D:1:      ncdulo_wetmaze, layout_loops_ring, shapermc_ecumenical_altar_petra,
          serial_park_tiny_pond, dreamdust_princess_bridge,
          nicolae_figureground_sparkle
D:2:      layout_loops_cross, serial_undead, serial_undead_e, serial_undead_a,
          serial_undead_f, serial_undead_f, serial_undead_b, serial_undead_c,
          reono_crystal_passage
D:3:      layout_loops_cross, mainiacjoe_overflow_concentric_impassable,
          mainiacjoe_overflow_catwalk_spiral, roderic_malta_cross
D:4:      layout_loops_ring, mainiacjoe_overflow_big_doors,
          gup_sewer_entry_bubbles, minivault_4, chequers_serial_rivers_large_b
D:5:      minmay_evil_eye, layout_rooms, minmay_temple_entry_glassed_door,
          ebering_ghost_disaster_area, serial_park_tiny_pond,
          minmay_small_thing, uniq_eustachio
D:6:      layout_cave_pools, mainiacjoe_overflow_24_doors,
          gammafunk_ghost_gnarly_gnolls, sigmund_edmund_badplayer
Sewer:    sewer_kobolds

Skill      XL: |  1  2  3  4  5  6  7 |
---------------+----------------------+-----
Stealth        | 6 7 9 10 11 | 11.5
Short Blades   | 3 |  3.4
Fighting       | |  2.9
Throwing       | |  2.2
Dodging        | |  1.2

Action                   |  1- 3 |  4- 6 |  7- 9 || total
-------------------------+-------+-------+-------++-------
Melee: Dagger            |    60 |    29 |    28 ||   117
       Constrict         |     7 |     5 |     7 ||    19
       Tentacles         |     6 |     5 |     7 ||    18
Throw: Dart              |       |       |    10 ||    10
  Use: Scroll            |     5 |       |     1 ||     6
       Potion            |       |       |     2 ||     2
 Stab: Sleeping          |    29 |    10 |    11 ||    50
       Distracted        |       |     1 |       ||     1
Armor: Skin              |       |     3 |       ||     3
Dodge: Dodged            |    13 |     8 |     8 ||    29
Block: Buckler           |       |     1 |     4 ||     5
